 Dungeon Crawl Stone Soup version 0.25-a0-67-g7dccc1bee0 (webtiles) character file.

Game seed: 6591279829907378094, levelgen mode: deterministic

2338 iamserjio the Nimble (level 9, -2/66 HPs)
             Began as an Octopode Monk on Nov 1, 2019.
             Was a Believer of Makhleb.
             Slain by a bullfrog (5 damage)
             ... on level 8 of the Dungeon.
             The game lasted 00:09:26 (8870 turns).

iamserjio the Nimble (Octopode Monk)                Turns: 8870, Time: 00:09:27

Health: -2/66      AC:  3    Str: 10    XL:     9   Next: 43%
Magic:  22/22      EV: 19    Int: 12    God:    Makhleb [**....]
Gold:   208        SH:  0    Dex: 16    Spells: 8/13 levels left

rFire    + . .     SeeInvis .   u - +2 trident "Qogh" {freeze, MR+ MP+9}
rCold    . . .     Gourm    .   (no shield)
rNeg     . . .     Faith    .   (helmet restricted)
rPois    .         Spirit   .   (no amulet)
rElec    .         Reflect  .   c - ring of protection from fire
rCorr    .         Harm     .   (no ring)
MR       +....                  (no ring)
Stlth    +++.......             (no ring)
HPRegen  0.21/turn              (no ring)
MPRegen  0.18/turn              (no ring)
                                (no ring)
                                (no ring)

@: lethally poisoned (-2 -> -9)
A: almost no armour, stealthy swim, amphibious, 8 rings, constrict 8, molten
scales 1, camouflage 1, weak 1, gelatinous body 1
a: Minor Destruction, Renounce Religion


You were on level 8 of the Dungeon.
You worshipped Makhleb.
Makhleb was pleased with you.
You were not hungry.

You visited 2 branches of the dungeon, and saw 9 of its levels.

You collected 403 gold pieces.
You spent 195 gold pieces at shops.

Inventory:

Hand Weapons
 h - a +0 morningstar
 r - a +2 long sword of holy wrath
 u - the +2 trident "Qogh" (weapon) {freeze, MR+ MP+9}
   (You bought it in a shop on level 7 of the Dungeon)

   It has been specially enchanted to freeze those struck by it, causing extra
   injury to most foes and up to half again as much damage against particularly
   susceptible opponents.
   It can also slow down cold-blooded creatures.
   It affects your resistance to hostile enchantments.
   It affects your magic capacity (+9).
 x - a +0 scimitar
Missiles
 j - 6 javelins (quivered)
Jewellery
 c - a ring of protection from fire (left tentacle)
Wands
 k - a wand of iceblast (6)
 z - a wand of digging (4)
Scrolls
 a - a scroll of magic mapping {unknown}
 e - a scroll of torment {unknown}
 f - 2 scrolls of amnesia
 i - a scroll of fog {unknown}
 m - a scroll of remove curse {@r2}
 n - a scroll of noise {unknown}
 s - a scroll of immolation {unknown}
 t - a scroll of fear {unknown}
 w - 2 scrolls of teleportation {unknown}
 y - a scroll of enchant armour {unknown}
 A - a scroll of random uselessness {unknown}
 B - 2 scrolls of blinking {unknown}
Potions
 d - a potion of might
 g - 2 potions of agility
 l - a potion of heal wounds {unknown}
 o - 6 potions of curing {unknown}
 q - a potion of ambrosia {unknown}
 v - 2 potions of mutation
 C - a potion of haste {unknown}
Comestibles
 b - 12 rations


   Skills:
 * Level 8.1 Fighting
   Level 3.0 Short Blades
 * Level 8.1 Dodging
 - Level 2.6 Stealth
 + Level 2.7 Spellcasting
 + Level 3.4 Hexes
 - Level 3.0 Invocations
 - Level 2.0 Evocations


You had 8 spell levels left.
You knew the following spells:

 Your Spells              Type           Power        Failure   Level  Hunger
a - Confusing Touch       Hex            #.....       6%          1    #......
b - Cause Fear            Hex            #.........   52%         4    #####..

Your spell library contained the following spells:

 Spells                   Type           Power        Failure   Level  Hunger
 Summon Guardian Golem    Hex/Summ       #.......     36%         3    ###....
 Summon Mana Viper        Hex/Summ       #.......     98%         5    ######.
 Yara's Violent Unravell  Hex/Tmut       #.........   98%         5    ######.


Dungeon Overview and Level Annotations

Branches:
Dungeon (8/15)             Temple (1/1) D:5
   Lair: D:8-11

Altars:
Cheibriados
Dithmenos
Elyvilon
Fedhas
Gozag
Hepliaklqana
Kikubaaqudgha
Makhleb
Nemelex Xobeh
Okawaru
Qazlal
Ru
Sif Muna
Trog
Uskayaw
Vehumet
Wu Jian
Xom
Yredelemnul
Zin
The Shining One

Shops:
D:7 (

Annotations:
D:3 2 transporters, soulesssniper's ghost, amateur MiBe


Innate Abilities, Weirdness & Mutations

You cannot wear most types of armour.
You are very stealthy in the water. (Stealth+)
You are amphibious.
You can wear up to eight rings at the same time.
You can use your tentacles to constrict eight enemies at once.
Your skin changes colour to match your surroundings (Stealth+).
Your rubbery body absorbs attacks. (AC +1, EV +1)
You are partially covered in molten scales. (AC +2)
You are weak. (Str -2)


Message History

The bullfrog barely misses you. The bullfrog closely misses you.
You barely miss the bullfrog. You constrict the bullfrog.
You feel sick.
The bullfrog hits you but does no damage.
The bullfrog misses you.
You barely miss the orc wizard. Your grab misses the orc wizard.
You squeeze the orc wizard! You constrict the bullfrog.
You feel sick. The bullfrog barely misses you.
The orc wizard hits you but does no damage.
The orc wizard completely misses you. The bullfrog closely misses you.
You closely miss the orc wizard. You grab the orc wizard.
You squeeze the orc wizard, but do no damage.
You constrict the bullfrog.
You constrict the orc wizard, but do no damage.
You feel sick. The orc wizard barely misses you. The bullfrog hits you!
The orc wizard hits you with a +2 dagger of electrocution.
* * * LOW HITPOINT WARNING * * *
You are electrocuted!
* * * LOW HITPOINT WARNING * * *
The bullfrog hits you.
You die...

####.# ....# ###.# ...#
#...# ...# #.### ...#
#.# ...# #.# ### ...###
#..###.#####.####.....#
#...........#.##o$..#..
#.####.###...o@F{o....#
#.# #.#.###{.#..## #.#
#.#.# #{.# .# #.# #..>.
..... F# #..
....###..... ). ###
#.#.# #o.....## #.#.#
........ #.#.. ....<..


You could see a bullfrog, an orc wizard and 2 orcs.

Vanquished Creatures
  A hungry ghost (D:4)
  A sky beast (D:7)
  An ice beast (D:8)
  An orc warrior (D:6)
  A phantom (D:7)
  An ogre (D:8)
  2 centaurs (D:7)
  4 bullfrogs
  A scorpion (D:4)
  5 wights (D:6)
  A centaur zombie (D:5)
  A howler monkey (D:6)
  3 crimson imps
  7 hounds
  3 orc priests (D:8)
  A jelly (D:6)
  2 iguanas (D:6)
  4 orc wizards
  A bullfrog skeleton (D:7)
  A centaur skeleton (D:4)
  Jessica (D:3)
  7 worker ants
  A hound zombie (D:4)
  A gnoll (D:2)
  8 adders
  A shadow imp (D:5)
  2 oozes
  An adder skeleton (D:5)
  A worm (D:3)
  3 dart slugs
  4 leopard geckos
  6 orcs
  2 giant cockroaches
  5 goblins
  12 hobgoblins
  2 jackals (D:1)
  5 quokkas
  2 ball pythons
  7 bats
  7 frilled lizards
  9 kobolds
  9 rats
138 creatures vanquished.

Vanquished Creatures (others)
  6 plants (D:3)
6 creatures vanquished.

Grand Total: 144 creatures vanquished

Notes
Turn   | Place    | Note
-------+----------+-------------------------------------------
     0 | D:1      | iamserjio the Octopode Monk began the quest for the Orb.
     0 | D:1      | Reached XP level 1. HP: 16/16 MP: 1/1
   150 | D:1      | Reached XP level 2. HP: 18/21 MP: 2/2
   516 | D:1      | Reached XP level 3. HP: 19/26 MP: 3/3
  1428 | D:2      | Found a bloodstained altar of Trog.
  1440 | D:2      | Reached XP level 4. HP: 33/33 MP: 4/4
  1764 | D:2      | Found a glowing golden altar of the Shining One.
  2102 | D:3      | Noticed soulesssniper's ghost (amateur MiBe)
  2174 | D:3      | Found a stormy altar of Qazlal.
  2790 | D:3      | Noticed Jessica
  2850 | D:3      | Killed Jessica
  2850 | D:3      | Reached XP level 5. HP: 7/38 MP: 5/5
  3286 | D:3      | Found a transporter.
  3295 | D:3      | Found a transporter.
  3429 | D:3      | Found an opulent altar of Gozag.
  3868 | D:4      | Reached skill level 5 in Fighting
  3868 | D:4      | Reached skill level 5 in Dodging
  3868 | D:4      | Reached XP level 6. HP: 44/45 MP: 6/6
  4469 | D:4      | Noticed a hungry ghost
  4478 | D:4      | Killed a hungry ghost
  4478 | D:4      | Reached XP level 7. HP: 46/51 MP: 7/7
  4649 | D:5      | Entered Level 5 of the Dungeon
  4885 | D:5      | Identified Rimpaegg's Grimoire of Bewitchment
  4982 | D:5      | Found a radiant altar of Vehumet.
  5181 | D:5      | Found a staircase to the Ecumenical Temple.
  5259 | Temple   | Entered the Ecumenical Temple
  5301 | Temple   | Learned a level 1 spell: Confusing Touch
  5309 | Temple   | Became a worshipper of Makhleb the Destroyer
  5309 | Temple   | Reached * piety under Makhleb
  5309 | Temple   | Reached ** piety under Makhleb
  5702 | D:6      | Reached skill level 1 in Hexes
  6091 | D:6      | Reached XP level 8. HP: 58/58 MP: 8/8
  6101 | D:6      | Reached skill level 1 in Evocations
  6105 | D:6      | Reached skill level 1 in Invocations
  6293 | D:6      | Reached skill level 1 in Spellcasting
  6697 | D:6      | Gained mutation: You are weak. (Str -2) [potion of
                  | mutation]
  6697 | D:6      | Gained mutation: You are partially covered in molten
                  | scales. (AC +2) [potion of mutation]
  7171 | D:6      | Found a shimmering blue altar of Sif Muna.
  7598 | D:7      | Reached XP level 9. HP: 60/64 MP: 12/12
  7641 | D:7      | Found Beiday's Antique Weapon Shoppe.
  7649 | D:7      | Bought an iridescent trident for 195 gold pieces
  7649 | D:7      | Identified the cursed +2 trident "Qogh" {freeze, MR+ MP+9}
                  | (You bought it in a shop on level 7 of the Dungeon)
  7994 | D:7      | Found a stormy altar of Qazlal.
  8376 | D:7      | Learned a level 4 spell: Cause Fear
  8417 | D:8      | Found a sacrificial altar of Ru.
  8502 | D:8      | Found an iron altar of Okawaru.
  8756 | D:8      | Found a hide-covered altar of Uskayaw.
  8758 | D:8      | Found a glowing silver altar of Zin.
  8870 | D:8      | HP: 3/66 [orc wizard/+2 dagger of electrocution (16)]
  8870 | D:8      | Slain by a bullfrog

Levels and vault maps discovered:
D:1:      nzn_arrival_water_spiral, layout_basic, chequers_serial_rivers_room_b
D:2:      layout_basic, nicolae_tso_swordbearing_angel, st_stairs_9, bloody_trog
D:3:      layout_loops_corners, lemuel_crystal_altar, grunt_gozag_breadcrumbs,
          first_ration, gammafunk_ghost_gnarly_gnolls, mrwooster_statue_mirror,
          serial_bayou_ford_a, uniq_jessica
D:4:      layout_gridville, corexii_shack
D:5:      layout_layer_cave, minmay_temple_entry_antechambers, basic_altar
D:6:      minmay_razor_zed, layout_basic, lemuel_blue_sif_altar
D:7:      layout_cave_pods, basic_altar, serial_shops, shop_fountains
D:8:      layout_loops_ring, cheibrodos_ashenzari_chains, lemuel_doored_altar,
          chequers_temple_overflow_statue_of_worship,
          nicolae_overflow_crystal_walls, lemuel_mausoleum_altar_kikubaaqudgha
Temple:   eino_temple_lava

Skill      XL: |  1  2  3  4  5  6  7  8  9 |
---------------+----------------------------+-----
Dodging        | 4 5 6 7 8 |  8.1
Fighting       | 4 5 6 7 8 |  8.1
Hexes          | 1 3 |  3.4
Evocations     | 2 |  2.0
Invocations    | 2 3 |  3.0
Spellcasting   | 2 |  2.7
Short Blades   | |  3.0
Stealth        | |  2.6

Action                   |  1- 3 |  4- 6 |  7- 9 || total
-------------------------+-------+-------+-------++-------
Melee: Short sword       |    73 |    60 |       ||   133
       Constrict         |    16 |    20 |    40 ||    76
       Tentacles         |    11 |    15 |    43 ||    69
       Long sword        |       |    30 |   108 ||   138
       Trident           |       |       |    50 ||    50
  Use: Scroll            |       |     1 |     4 ||     5
       Potion            |       |       |     2 ||     2
 Stab: Sleeping          |    10 |     9 |    13 ||    32
       Distracted        |       |     1 |     1 ||     2
  Eat: Chunk             |     2 |     6 |    11 ||    19
       Ration            |       |     1 |     1 ||     2
Armor: Skin              |     2 |     4 |     7 ||    13
Dodge: Dodged            |    47 |    56 |   139 ||   242
       Rpst.: Long sword |       |     7 |    33 ||    40

Table legend:
 A = Non-vault XP
 B = Vault XP
 C = Vault XP percentage of total XP
 D = Non-vault monster count
 E = Vault monster count
 F = Vault count percentage of total count
                 A         B        C        D         E       F
            +---------+---------+-------+---------+---------+-------
      Total |    3003 |     337 |  10.1 |     125 |      13 |   9.4
            +---------+---------+-------+---------+---------+-------
        D:1 |      44 |       0 |   0.0 |      27 |       0 |   0.0
        D:2 |      54 |      19 |  26.0 |      22 |       4 |  15.4
        D:3 |      50 |      37 |  42.5 |      14 |       1 |   6.7
        D:4 |     483 |       3 |   0.6 |      13 |       1 |   7.1
        D:5 |     282 |       0 |   0.0 |      13 |       0 |   0.0
        D:6 |     767 |     278 |  26.6 |      16 |       7 |  30.4
        D:7 |     652 |       0 |   0.0 |       9 |       0 |   0.0
        D:8 |     671 |       0 |   0.0 |      11 |       0 |   0.0
            +---------+---------+-------+---------+---------+-------
